 Dungeon Crawl Stone Soup version 0.20.0-8-g6b59dc7 (webtiles) character file.

868 kraftydee the Chopper (level 7, -6/57 HPs)
             Began as a Centaur Gladiator on June 1, 2017.
             Was a Believer of Nemelex Xobeh.
             Blown up by Pikel (25 damage)
             ... with a wand of disintegration (?/24)
             ... on level 6 of the Dungeon.
             The game lasted 00:13:38 (4301 turns).

kraftydee the Chopper (Centaur Gladiator)           Turns: 4301, Time: 00:13:39

Health: -6/57      AC:  8    Str: 19 (21) XL:     7   Next: 73%
Magic:  7/7        EV: 14    Int:  6 (7)  God:    Nemelex Xobeh [**....]
Gold:   221        SH:  0    Dex:  9 (11) Spells: 6/6 levels left

rFire    . . .     SeeInvis .   a - +0 war axe
rCold    . . .     Gourm    .   (no shield)
rNeg     . . .     Faith    .   b - +0 leather armour
rPois    .         Spirit   .   c - +0 helmet
rElec    .         Reflect  .   i - +2 cloak
rCorr    .         Harm     +   (no gloves)
MR       .....                  (no barding)
Stlth    ..........             o - amulet of harm
Regen    0.2/turn               g - +4 ring of evasion
MPRegen  0.1/turn               A - +3 ring of strength

@: very quick
A: hooves 3, deformed body, speed 2, tough skin 3
a: Renounce Religion


You were on level 6 of the Dungeon.
You worshipped Nemelex Xobeh.
Nemelex Xobeh was pleased with you.
You were not hungry.

You visited 1 branch of the dungeon, and saw 6 of its levels.

You collected 221 gold pieces.

Inventory:

Hand Weapons
 a - a +0 war axe (weapon)
Missiles
 k - 3 throwing nets (quivered)
Armour
 b - a +0 leather armour (worn)
 c - a +0 helmet (worn)
 i - a +2 cloak (worn)
Jewellery
 g - a +4 ring of evasion (left hand)
 l - an uncursed ring of see invisible
 n - a cursed amulet of inaccuracy
 o - an amulet of harm (around neck)
 A - a +3 ring of strength (right hand)
 D - the ring of Wonder {rN+ Str+6 Dex+7 Stlth-, unknown}
   (You found it on level 6 of the Dungeon)

   [ring of loudness]

   It affects your strength (+6).
   It affects your dexterity (+7).
   It protects you from negative energy.
   It makes you less stealthy.
Wands
 d - a wand of polymorph (16/24)
 w - a wand of confusion (13/48)
 y - a wand of flame (30/48)
 z - a wand of random effects (46/48)
Scrolls
 e - a scroll of identify
 p - a scroll of amnesia
 r - 3 scrolls of remove curse
 s - a scroll of magic mapping
 v - a scroll of fog
 C - a scroll of teleportation {unknown}
 E - 2 scrolls of silence {unknown}
Potions
 h - 5 potions of lignification
 j - 4 potions of agility
 m - a potion of haste
 u - a potion of degeneration
 x - a potion of heal wounds
Miscellaneous
 t - a plain deck of escape
Comestibles
 f - 2 bread rations
 q - a royal jelly
 B - 2 meat rations


   Skills:
 + Level 3.5 Fighting
 + Level 6.3 Axes
 + Level 2.4 Throwing
 + Level 2.0 Armour
 + Level 3.6 Dodging
 + Level 1.3 Invocations
 + Level 0.6 Evocations


You had 6 spell levels left.
You didn't know any spells.

Dungeon Overview and Level Annotations

Branches:
Dungeon (6/15)             Temple (0/1) D:4

Altars:
Elyvilon
Hepliaklqana
Nemelex Xobeh
Sif Muna
Yredelemnul
Zin
The Shining One

Annotations:
D:6 Pikel


Innate Abilities, Weirdness & Mutations

You have hooves in place of feet.
Armour fits poorly on your strangely shaped body.
You cover ground very quickly.
You have extremely tough skin. (AC +3)


Message History

You hit the slave but do no damage.
The slave is severely wounded.
The slave barely misses you.
You hit the slave.
The slave is severely wounded.
You feel much better.
Aiming: Random Effects (will waste charges)
Press: ? - help, Shift-Dir - straight line, f/p - Pikel
Aim: Pikel, wielding a whip of flaming, wearing a robe and carrying a wand of disintegration (?/24) {zapped: 1} (lightly wounded)
The puff of flame hits Pikel.
Pikel is lightly wounded.
Evoking this partially-identified wand wasted a few charges.
You completely miss Pikel.
Pikel is lightly wounded.
Pikel hits you with a whip of flaming. Pikel burns you.
You closely miss Pikel. Your kick misses Pikel.
Pikel is lightly wounded.
Pikel zaps a wand.
You are blasted!
You die...
Your body glows slightly and disappears.

....... #....
#....#########
#........p...#
#....[######.#
#.....# #.#
#.....# #p#
#.....# #K#
#.....# #@#
+.....#
#.#########
#.....#
#.........#
####.######
#.# #.# #.#
#.# #.#


You could see Pikel and a slave.

Vanquished Creatures
  A phantom (D:5)
  A sky beast (D:5)
  3 slaves (D:6)
  2 centaurs
  A scorpion (D:5)
  A crimson imp (D:5)
  A bullfrog skeleton (D:5)
  An orc wizard (D:4)
  Jessica (D:2)
  Ijyb (D:3)
  2 worker ants
  5 adders
  An ooze (D:2)
  An adder skeleton (D:4)
  2 worms
  A dart slug (D:1)
  A leopard gecko (D:1)
  6 orcs
  8 bats
  5 giant cockroaches
  6 hobgoblins
  8 jackals
  4 kobolds
  A quokka (D:4)
  4 frilled lizards
  9 goblins
  8 rats
85 creatures vanquished.

Vanquished Creatures (collateral kills)
  Sigmund (D:3)
  4 orcs (D:4)
5 creatures vanquished.

Vanquished Creatures (others)
  A jackal skeleton (D:5)
1 creature vanquished.

Grand Total: 91 creatures vanquished

Notes
Turn   | Place    | Note
-------+----------+-------------------------------------------
     0 | D:1      | kraftydee the Centaur Gladiator began the quest for the Orb.
     0 | D:1      | Reached XP level 1. HP: 17/17 MP: 1/1
    55 | D:1      | Reached XP level 2. HP: 20/24 MP: 2/2
   216 | D:1      | Reached skill level 3 in Axes
   524 | D:2      | Noticed Jessica
   529 | D:2      | Killed Jessica
   529 | D:2      | Reached XP level 3. HP: 28/30 MP: 3/3
   654 | D:2      | Found a sparkling altar of Nemelex Xobeh.
   663 | D:2      | Became a worshipper of Nemelex Xobeh the Trickster
   738 | D:2      | Received a gift from Nemelex Xobeh
   800 | D:2      | Reached XP level 4. HP: 37/37 MP: 4/4
  1277 | D:3      | Reached * piety under Nemelex Xobeh
  1297 | D:3      | Noticed Ijyb
  1361 | D:3      | Killed Ijyb
  1361 | D:3      | Reached skill level 1 in Armour
  1577 | D:3      | Reached skill level 4 in Axes
  1605 | D:3      | Reached XP level 5. HP: 39/42 MP: 5/5
  1730 | D:3      | Found a hazy altar of Hepliaklqana.
  1840 | D:3      | Noticed Sigmund
  1847 | D:3      | Killed Sigmund
  1847 | D:3      | Reached XP level 6. HP: 34/51 MP: 6/6
  2226 | D:4      | Reached ** piety under Nemelex Xobeh
  2313 | D:4      | Found a staircase to the Ecumenical Temple.
  2631 | D:5      | Entered Level 5 of the Dungeon
  2634 | D:5      | Reached skill level 5 in Axes
  2638 | D:5      | Reached skill level 1 in Invocations
  3090 | D:4      | HP: 1/51 [worm (12)]
  3093 | D:4      | Reached XP level 7. HP: 2/57 MP: 7/7
  3593 | D:5      | Reached skill level 6 in Axes
  3821 | D:5      | Received a gift from Nemelex Xobeh
  3943 | D:5      | Found a glowing golden altar of the Shining One.
  3949 | D:5      | Found a white marble altar of Elyvilon.
  3950 | D:5      | Found a glowing silver altar of Zin.
  3952 | D:5      | Found a deep blue altar of Sif Muna.
  3953 | D:5      | Found a basalt altar of Yredelemnul.
  4216 | D:6      | Got a pitted golden ring
  4263 | D:6      | Noticed Pikel
  4288 | D:6      | HP: 2/57 [slave[Pikel] (1)]
  4301 | D:6      | Blown up by Pikel

Skill      XL: |  1  2  3  4  5  6  7 |
---------------+----------------------+-----
Axes           | 3 4 5 6 |  6.3
Armour         | 1 2 |  2.0
Fighting       | 3 |  3.5
Dodging        | 3 |  3.6
Invocations    | 1 |  1.3
Throwing       | |  2.4
Evocations     | |  0.6

Action                   |  1- 3 |  4- 6 |  7- 9 || total
-------------------------+-------+-------+-------++-------
Melee: War axe           |    68 |   132 |    68 ||   268
       Kick              |    15 |    24 |    20 ||    59
Throw: Throwing net      |       |       |     3 ||     3
Evoke: Deck              |       |     7 |       ||     7
       Wand              |       |     3 |     2 ||     5
  Use: Potion            |     1 |       |    10 ||    11
       Scroll            |     5 |       |     6 ||    11
 Stab: Sleeping          |     1 |       |       ||     1
  Eat: Chunk             |       |     2 |       ||     2
       Royal jelly       |       |     2 |       ||     2
       Bread ration      |       |       |     1 ||     1
Armor: Leather armour    |    15 |    66 |    20 ||   101
Dodge: Dodged            |    51 |   135 |    41 ||   227
